 Dungeon Crawl Stone Soup version 0.29-a0-334-gb41bcbb86e (webtiles) character file.

Game seed: 17356133014554618524

10 rageheart7 the Skirmisher (level 2, -2/24 HPs)
             Began as a Demonspawn Abyssal Knight on Apr 15, 2022.
             Was a Believer of Lugonu.
             Slain by a kobold
             ... wielding a +0 short sword
              (4 damage)
             ... on level 1 of the Dungeon on Apr 16, 2022.
             The game lasted 00:00:40 (466 turns).

rageheart7 the Skirmisher (DsAK)                     Turns: 466, Time: 00:00:41

Health: -2/24      AC:  3    Str: 13    XL:     2   Next: 10%
Magic:  3/3        EV: 11    Int: 11    God:    Lugonu [**....]
Gold:   21         SH:  0    Dex: 13    Spells: 1/1 levels left

rFire   . . .      SeeInvis .   a - +1 mace
rCold   . . .      Faith    .   (no shield)
rNeg    + . .      Spirit   .   b - +0 leather armour
rPois   .          Reflect  .   (no helmet)
rElec   .          Harm     .   (no cloak)
rCorr   +          Rampage  .   (no gloves)
Will    .....                   (no boots)
Stlth   +.........              (no amulet)
HPRegen 0.08/turn               e - ring of positive energy
MPRegen 0.08/turn               i - ring of resist corrosion

@: no status effects
A: powered by pain 1
a: Renounce Religion, Depart the Abyss, Bend Space


You were on level 1 of the Dungeon.
You worshipped Lugonu.
Lugonu was pleased with you.
You visited 1 branch of the dungeon, and saw 1 of its levels.
You visited the Abyss 1 time.

You collected 21 gold pieces.

Inventory:

Hand Weapons
 a - a +1 mace (weapon)
Armour
 b - a +0 leather armour (worn)
Jewellery
 e - a ring of positive energy (left hand)
 i - a ring of resist corrosion (right hand)
Scrolls
 c - a scroll of fear {unknown}
 g - a scroll of enchant armour {unknown}
Potions
 d - 2 potions of degeneration {unknown}
 f - a potion of flight {unknown}
 h - a potion of haste {unknown}


   Skills:
 * Level 3.3 Fighting
 * Level 2.2 Maces & Flails
 - Level 1.7 Armour
 - Level 0.8 Dodging
 - Level 2.4 Invocations


You had one spell level left.
You didn't know any spells.
Your spell library contained the following spells:

 Spells                   Type           Power      Damage    Failure   Level
 Sting                    Tmut/Pois      0%         1d3       41%         1
 Ensorcelled Hibernation  Hex/Ice        0%         N/A       56%         2
 Passwall                 Tmut/Erth      0%         N/A       56%         2
 Poisonous Vapours        Pois/Air       0%         N/A       56%         2
 Swiftness                Air            0%         N/A       80%         3
 Olgreb's Toxic Radiance  Pois           0%         N/A       99%         4


Dungeon Overview and Level Annotations

Branches:
Dungeon (1/15)

Altars:


Innate Abilities, Weirdness & Mutations

You sometimes gain a little power by taking damage.


Message History

You kill the rat!
Lugonu accepts your kill. The kobold closely misses you.
You hit the kobold but do no damage. The kobold closely misses you.
The kobold hits you with a +0 short sword.
The endoplasm barely misses you.
You barely miss the kobold. The endoplasm freezes you.
You are frozen.
The kobold hits you with a +0 short sword.
You hit the kobold.
The kobold is moderately wounded.
The endoplasm freezes you.
You are frozen.
The kobold misses you.
There are monsters nearby!
There are monsters nearby!
The kobold attacks as you move away!
The kobold hits you with a +0 short sword.
The endoplasm attacks as you move away! The endoplasm hits you.
* * * LOW HITPOINT WARNING * * *
The kobold attacks as you move away!
The kobold hits you with a +0 short sword.
* * * LOW HITPOINT WARNING * * *
The endoplasm attacks as you move away! The endoplasm barely misses you.
There is an open door here.
You hit the endoplasm.
The endoplasm is moderately wounded.
The endoplasm hits you but does no damage.
The endoplasm freezes you.
You are frozen.
* * * LOW HITPOINT WARNING * * *
You sock the endoplasm!
You kill the endoplasm!
Lugonu accepts your kill.
The kobold throws a stone.
The stone misses you. The kobold hits you but does no damage.
There is an open door here.
You closely miss the kobold. Your punch misses the kobold.
The kobold hits you with a +0 short sword.
You die...

#. ..#
#.#..#.#
#.##
#.#..#.#
#######..###
#.#..#.#
...........#
#.#..#
...........#
#....#
.........).#
####.#
...........#
#.#
.........K.#
#.#
#########@##
#.# #..# #.#
##.## #.#
#..# #.#
##.# #.# #.#
#.# #.# #.#
#.## #.#
#..# #.#


You could see a kobold.

Vanquished Creatures
  A white imp (Abyss:1)
  A ball python (D:1)
  2 bats (D:1)
  2 endoplasms (D:1)
  A goblin (D:1)
  3 rats (D:1)
10 creatures vanquished.

Notes
Turn   | Place    | Note
-------+----------+-------------------------------------------
     0 | Abyss:1  | rageheart7 the Demonspawn Abyssal Knight began the quest
                  | for the Orb.
     0 | Abyss:1  | Reached XP level 1. HP: 18/18 MP: 2/2
    43 | Abyss:1  | Found a broken altar of Ashenzari.
    68 | D:1      | Escaped the Abyss
   397 | D:1      | Reached ** piety under Lugonu
   411 | D:1      | Gained mutation: You sometimes gain a little power by
                  | taking damage. [demonic ancestry]
   411 | D:1      | Reached XP level 2. HP: 23/24 MP: 3/3
   466 | D:1      | Slain by a kobold

Illustrated notes

Levels and vault maps discovered:
D:1:      amcnicky_arrival_feature_with_door, layout_basic

Skill      XL: |  1 |
---------------+----+-----
Maces & Flails | 2 |  2.2
Fighting       | |  3.3
Armour         | |  1.7
Dodging        | |  0.8
Invocations    | |  2.4

Action                   || total
-------------------------++-------
Melee: Mace              ||    24
Invok: Depart the Abyss  ||     1
Armor: Leather armour    ||     9
Dodge: Dodged            ||    15

Table legend: (Time is in decaauts)
 A = Elapsed time spent in this place.
 B = Non-inter-level travel time spent in this place.
 C = Inter-level travel time spent in this place.
 D = Time resting spent in this place.
 E = Time spent auto-exploring this place.
 F = Levels seen in this place.
 G = Mean time per level.
                   A        B        C        D        E       F      G
               +--------+--------+--------+--------+--------+-----+--------+
         Total |    471 |    471 |      0 |      0 |    392 |   2 |  235.5 |
       Dungeon |    402 |    402 |      0 |      0 |    332 |   1 |  402.0 |
         Abyss |     69 |     69 |      0 |      0 |     60 |   1 |   69.0 |
               +--------+--------+--------+--------+--------+-----+--------+

Top non-repeatable levels by time:
     D:1: 402 daAuts
 Abyss:1: 69 daAuts
